 Dungeon Crawl Stone Soup version 0.21.1-1-g345015f (webtiles) character file.

1121 Lilu the Magician (level 8, -1/48 HPs)
             Began as a Deep Elf Conjurer on July 22, 2018.
             Slain by Lilu's ghost (8 damage)
             ... on level 6 of the Dungeon.
             The game lasted 00:46:15 (7321 turns).

Lilu the Magician (Deep Elf Conjurer)               Turns: 7321, Time: 00:46:16

Health: -1/48      AC:  3    Str:  7    XL:     8   Next: 12%
Magic:  4/21       EV: 13    Int: 21    God:
Gold:   354        SH:  0    Dex: 15    Spells: 14/21 levels left

rFire    + . .     SeeInvis .   Q - +1 dagger (protect)
rCold    . . .     Gourm    .   (no shield)
rNeg     . . .     Faith    .   a - +0 robe
rPois    .         Spirit   .   (no helmet)
rElec    .         Reflect  .   (no cloak)
rCorr    .         Harm     .   (no gloves)
MR       .....                  d - +0 pair of boots
Stlth    ++........             (no amulet)
HPRegen  0.16/turn              N - ring of protection from fire
MPRegen  0.17/turn              P - +5 ring of slaying

@: no status effects
A: no striking features
a: no special abilities


You were on level 6 of the Dungeon.
You were hungry.

You visited 2 branches of the dungeon, and saw 7 of its levels.

You collected 354 gold pieces.

Inventory:

Hand Weapons
 r - a +0 club
 v - a +0 quarterstaff
 C - a +0 dagger
 F - a +1 dagger of freezing
 G - a +2 dagger of draining
 I - a +0 hand crossbow
 Q - a +1 dagger of protection (weapon)
Missiles
 e - 114 stones (quivered)
 j - a throwing net
 n - 7 poisoned needles
 s - 35 sling bullets
 u - 93 arrows
 H - 69 bolts
Armour
 a - a +0 robe (worn)
 d - a +0 pair of boots (worn)
 t - a +0 robe
 z - a +0 shield
 A - a +0 animal skin
 B - a +0 helmet
 E - a +2 ring mail of poison resistance
 J - a cursed -1 leather armour
 S - a +0 leather armour of positive energy
 T - a +0 troll leather armour
 W - a +0 robe
Jewellery
 p - an uncursed amulet of rage
 N - a ring of protection from fire (left hand)
 P - a +5 ring of slaying (right hand)
Wands
 D - a wand of iceblast (9)
 M - a wand of disintegration (14)
Scrolls
 f - a scroll of blinking {unknown}
 g - 3 scrolls of enchant weapon {unknown}
 h - 2 scrolls of immolation {unknown}
 k - a scroll of teleportation {unknown}
 m - 9 scrolls of identify {unknown}
 o - 3 scrolls of remove curse {unknown}
 w - a scroll of random uselessness {unknown}
 x - 3 scrolls of magic mapping {unknown}
 y - a scroll of fog {unknown}
 K - 4 scrolls of enchant armour {unknown}
 O - a scroll of fear {unknown}
Potions
 i - 2 potions of berserk rage {unknown}
 l - 3 potions of haste {unknown}
 q - 3 potions of curing {unknown}
 L - a potion of resistance {unknown}
 R - a potion of flight {unknown}
 U - a potion of magic {unknown}
 X - a potion of brilliance {unknown}
Books
 b - a book of Conjurations

   Spells                             Type                      Level
   a - Magic Dart                     Conjuration                  1
   b - Searing Ray                    Conjuration                  2
   c - Dazzling Spray                 Conjuration/Hexes            3
   d - Fulminant Prism                Conjuration/Hexes            4
   e - Force Lance                    Conjuration/Translocation    4
   f - Iskenderun's Mystic Blast      Conjuration                  4
Comestibles
 c - 8 rations
 V - 2 chunks of flesh


   Skills:
 + Level 4.9 Fighting
 - Level 2.4 Dodging
 - Level 2.6 Stealth
 - Level 0.1 Unarmed Combat
 - Level 7.4 Spellcasting
 - Level 7.1 Conjurations


You had 14 spell levels left.
You knew the following spells:

 Your Spells              Type           Power        Failure   Level  Hunger
a - Magic Dart            Conj           ####         1%          1    None
b - Searing Ray           Conj           #####.       1%          2    None
c - Iskenderun's Mystic   Conj           #####...     4%          4    ###....


Dungeon Overview and Level Annotations

Branches:
Dungeon (6/15)             Temple (1/1) D:4

Altars:
Ashenzari
Cheibriados
Dithmenos
Elyvilon
Fedhas
Gozag
Kikubaaqudgha
Nemelex Xobeh
Okawaru
Qazlal
Ru
Trog
Uskayaw
Wu Jian
Yredelemnul
Zin
The Shining One

Annotations:
D:6 Lilu's ghost, novice DEFE


Message History

Lilu's ghost barely misses you.
You closely miss Lilu's ghost.
Lilu's ghost is heavily damaged.
Lilu's ghost hits you but does no damage.
You hit Lilu's ghost.
Lilu's ghost is severely damaged.
Lilu's ghost hits you but does no damage.
You are electrocuted!
You closely miss Lilu's ghost.
Lilu's ghost is severely damaged.
Lilu's ghost hits you.
You are electrocuted!
* * * LOW HITPOINT WARNING * * *
You closely miss Lilu's ghost.
Lilu's ghost is severely damaged.
Lilu's ghost hits you but does no damage.
There is a stone staircase leading up, spattered with blood here.
Lilu's ghost hits you.
* * * LOW HITPOINT WARNING * * *
You are electrocuted!
You die...

#...####..####...#
.. # #... .##
###.# !.# #... ..
#.# #.# .... #. ##
####.# ##.# ...#
#..#.##..#.##..#
#.$..........#
#..%........##
.......#.##.W÷.##
#........#.#@...#
.†...............#
...#.##.........##
##...#....#...#..#
...........)......
...............#
...........##..#
....#...... ..#


You could see Lilu's ghost.

Vanquished Creatures
  Eustachio (D:5)
  3 ogres (D:5)
  Blork the orc (D:6)
  A howler monkey (D:5)
  3 crimson imps (D:5)
  A hound (D:5)
  2 orc priests (D:4)
  2 iguanas
  3 orc wizards
  Jessica (D:2)
  Ijyb (D:2)
  A worker ant (D:4)
  Robin (D:2)
  4 gnolls (D:5)
  3 adders
  A shadow imp (D:5)
  An adder skeleton (D:4)
  3 adder zombies
  3 worms (D:2)
  2 dart slugs
  10 leopard geckos
  13 orcs
  6 bats
  A giant cockroach (D:4)
  8 goblins
  9 hobgoblins
  2 jackals (D:2)
  4 quokkas
  7 frilled lizards
  A giant cockroach zombie (D:2)
  3 kobolds
  A leopard gecko skeleton (D:4)
  9 rats
112 creatures vanquished.

Notes
Turn   | Place    | Note
-------+----------+-------------------------------------------
     0 | D:1      | Lilu the Deep Elf Conjurer began the quest for the Orb.
     0 | D:1      | Reached XP level 1. HP: 10/10 MP: 6/6
   155 | D:1      | Reached XP level 2. HP: 11/15 MP: 0/8
   795 | D:2      | Reached skill level 5 in Conjurations
   802 | D:2      | Reached XP level 3. HP: 19/19 MP: 0/10
   806 | D:2      | Learned a level 2 spell: Searing Ray
   807 | D:2      | Noticed Jessica
   881 | D:2      | Killed Jessica
  1160 | D:2      | Found a snail-covered altar of Cheibriados.
  1165 | D:2      | Reached XP level 4. HP: 21/24 MP: 5/11
  1175 | D:2      | Learned a level 4 spell: Iskenderun's Mystic Blast
  2149 | D:3      | Noticed Robin
  2180 | D:2      | Killed Robin
  2359 | D:3      | Noticed Ijyb
  2504 | D:2      | Killed Ijyb
  2504 | D:2      | Reached XP level 5. HP: 8/28 MP: 0/12
  3749 | D:4      | Found a staircase to the Ecumenical Temple.
  3754 | Temple   | Entered the Ecumenical Temple
  4081 | D:4      | Reached skill level 5 in Spellcasting
  4081 | D:4      | Reached XP level 6. HP: 32/32 MP: 9/15
  4736 | D:5      | Entered Level 5 of the Dungeon
  4806 | D:5      | Noticed Eustachio
  4811 | D:5      | Killed Eustachio
  5011 | D:5      | Reached skill level 1 in Fighting
  5011 | D:5      | Reached XP level 7. HP: 38/38 MP: 0/19
  6759 | D:6      | Noticed Lilu's ghost (novice DEFE)
  6787 | D:6      | Noticed Blork the orc
  7060 | D:5      | Reached XP level 8. HP: 45/48 MP: 12/21
  7307 | D:6      | Killed Blork the orc
  7321 | D:6      | Slain by Lilu's ghost

Skill      XL: |  1  2  3  4  5  6  7 |
---------------+----------------------+-----
Conjurations   | 5 6 7 |  7.1
Spellcasting   | 5 7 |  7.4
Fighting       | 1 4 |  4.9
Dodging        | |  2.4
Stealth        | |  2.6
Unarmed Combat | |  0.1

Action                   |  1- 3 |  4- 6 |  7- 9 || total
-------------------------+-------+-------+-------++-------
Melee: Unarmed           |    15 |    47 |       ||    62
       Dagger            |       |     2 |    35 ||    37
 Cast: Magic Dart        |    55 |   100 |    19 ||   174
       Searing Ray       |     1 |     4 |       ||     5
       Iskenderun's Myst |       |    22 |    38 ||    60
  Eat: Chunk             |       |     9 |     4 ||    13
       Ration            |       |     2 |     2 ||     4
Armor: Robe              |    13 |    13 |    15 ||    41
Dodge: Dodged            |    23 |    53 |    39 ||   115
